Description

Build 5 rax as soon as possible and atack with 14 marines around 3:20. Note that this is meant for beginners to get their feet wet in sc2 ;)

Replay - Frost LE (2)

Build Order

Get SALT Encoding   

  12  0:01  SCV  
  13  0:13  SCV  
  14  0:17  Supply Depot  
  14  0:25  SCV  
  15  0:39  SCV  
  15  0:40  Barracks  
  16  0:51  SCV  
  16  0:56  Barracks  
  17  1:03  SCV  
  18  1:15  Barracks  
  18  1:16  SCV  
  19  1:28  SCV, Marine  
  21  1:36  Supply Depot  
  21  1:43  Orbital Command  
  21  1:49  Marine  
  21  1:51  Marine  
  23  2:02  Barracks  
  23  2:05  Marine  
  24  2:16  Supply Depot  
  24  2:17  Marine  
  24  2:18  Marine  
  26  2:24  Marine  
  27  2:35  Barracks  
  27  2:37  Marine  
  27  2:38  Marine  
  27  2:43  Supply Depot, Marine  
  30  2:50  Marine  
  31  2:55  Refinery  
  31  2:57  Refinery, Marine  
  32  2:59  Marine  
  32  3:04  SCV  
  32  3:05  Marine  
  35  3:14  Marine, Supply Depot  
  35  3:19  Marine  atack with 14 marines
  37  3:26  Marine x2  
  39  3:36  Marine x2  
  39  3:37  Marine  
  42  3:45  Supply Depot  
  41  3:50  Marine x2  
  43  3:57  Marine x2  
  43  3:59  Marine  
  46  4:08  Marine x2  
  45  4:14  Marine  
  45  4:15  Marine  
  47  4:25  Marine  
  47  4:26  Marine x2  
  49  4:32  Marine  
  49  4:33  Marine  
  40  4:42  Marine  
  40  4:46  Marine x2  
  42  4:56  Marine x2  
  44  5:00  Marine  
  44  5:04  Marine x2  
  45  5:14  Marine x2  
  45  5:18  Marine  
  47  5:22  Marine x2  
  48  5:32  Marine x2  
Spawning Tool Build Advisor. Get it on Overwolf

Go to:

Details

  • Created by: HoraceS
  • Published on: Feb 19, 2017
  • Modified on: Feb 19, 2017
  • Patch: Pre-3.8.0
Show
View Real Time Build Order
Export as new Build Order

Comments (1)

On May 7, 2017, 2:21 p.m., DaikBurger  said:

u r a bad influence. u cheezer

Create an account to comment!